 Dungeon Crawl Stone Soup version 0.31-a0-200-gbc41564c69 (webtiles) character file.

Game seed: 3544926360847893165

147 qw the Skirmisher (level 5, -1/29 HPs)
             Began as a Deep Elf Hunter on June 25, 2023.
             Slain by an orc priest
             ... wielding a +0 whip
              (3 damage)
             ... on level 3 of the Dungeon.
             The game lasted 00:00:37 (1624 turns).

qw the Skirmisher (Deep Elf Hunter)                 Turns: 1624, Time: 00:00:37

Health: -1/29      AC:  5    Str: 10    XL:     5   Next: 7%
Magic:  7/7        EV: 12    Int: 14    God:
Gold:   182        SH:  0    Dex: 18    Spells: 4/4 levels left

rFire   . . .        Y - +0 shortbow
rCold   . . .        (shield currently unavailable)
rNeg    . . .        c - +0 leather armour
rPois   .            i - +0 helmet
rElec   .            (no cloak)
rCorr   .            k - +0 pair of gloves
SInv    .            (no boots)
Will    .....        (no amulet)
Stlth   ++           (no ring)
HPRegen 0.24/turn    (no ring)
MPRegen 0.10/turn

%: no passive effects
@: no status effects
A: no striking features
a: no special abilities


You were on level 3 of the Dungeon.
You visited 1 branch of the dungeon, and saw 3 of its levels.

You collected 182 gold pieces.


   Skills:
 - Level 1.5 Fighting
 + Level 8.5 Ranged Weapons
 - Level 2.4 Dodging
 - Level 1.2 Stealth


You had 4 spell levels left.
You didn't know any spells.
Your spell library was empty.

Inventory:

Hand Weapons
 Y - a +0 shortbow (weapon)
Armour
 c - a +0 leather armour (worn)
 i - a +0 helmet (worn)
 k - a +0 pair of gloves (worn)
Scrolls
 a - a scroll of identify
Potions
 b - a potion of curing {unknown}
 d - a potion of haste {unknown}
 e - a potion of brilliance {unknown}
 f - a potion of heal wounds {unknown}
 g - a potion of cancellation {unknown}
 l - a potion of lignification {unknown}
 n - a potion of mutation {unknown}

Dungeon Overview and Level Annotations

Branches:
Dungeon (3/15)

Altars:

Annotations:
D:2 1 runed translucent door, Crazy Yiuf


Message History

The orc hits you with a +0 hand axe.
You shoot an arrow.
The arrow hits the orc but does no damage.
The orc is severely wounded.
The orc closely misses you.
You shoot an arrow. The arrow barely misses the orc. x2
The orc closely misses you.
An orc comes into view. It is wielding a +0 dagger.
You shoot an arrow. The arrow barely misses the orc.
The orc shouts!
The arrow hits the orc!
You kill the orc!
The orc hits you with a +0 hand axe.
You shoot an arrow. The arrow closely misses the orc.
The arrow hits the orc priest but does no damage.
The orc hits you with a +0 hand axe.
The orc priest mumbles some strange prayers to Beogh against you.
Beogh smites you!
You shoot an arrow. The arrow hits the orc.
You kill the orc!
You shoot an arrow. The arrow barely misses the orc priest.
The orc priest hits you but does no damage.
You shoot an arrow. The arrow barely misses the orc priest.
The arrow hits the orc.
The orc is moderately wounded.
The orc priest hits you with a +0 whip.
You shoot an arrow. The arrow hits the orc priest!
The orc priest is heavily wounded.
The orc priest hits you with a +0 whip.
You shoot an arrow. The arrow hits the orc priest.
The orc priest is severely wounded.
The orc priest hits you but does no damage.
You shoot an arrow. The arrow hits the orc priest.
The orc priest is severely wounded.
The orc priest hits you but does no damage.
You shoot an arrow.
The arrow hits the orc priest but does no damage.
The orc priest is severely wounded.
The orc priest hits you with a +0 whip.
You die...

## ## .###.
.#.#. ... ...
#o# #o# #@#
#.# ##.####
##...#.####.#
#.....#.....#
##...#.######
##.##.##
###.###.#...#
............#


You could see an orc priest and an orc.

Vanquished Creatures
  Natasha (thrice) (D:2)
  2 gnolls
  An adder (D:3)
  A dart slug (D:1)
  5 orcs (D:3)
  A bat (D:1)
  3 endoplasms
  A giant cockroach (D:1)
  4 goblins
  A hobgoblin (D:1)
  A jackal (D:1)
  2 quokkas
  8 ball pythons
  3 frilled lizards (D:1)
  3 kobolds
  A rat (D:2)
40 creatures vanquished.

Notes
Turn   | Place    | Note
-------+----------+-------------------------------------------
     0 | D:1      | qw the Deep Elf Hunter began the quest for the Orb.
     0 | D:1      | Reached XP level 1. HP: 12/12 MP: 3/3
     0 | D:1      | 0 ||| qw: Version: 0.3-a-22-g0ed2b0b
     0 | D:1      | 0 ||| qw: Game counter: 5556
     0 | D:1      | 0 ||| qw: Melee chars always use a shield: true
     0 | D:1      | 0 ||| qw: God list: Okawaru
     0 | D:1      | 0 ||| qw: Allow faded altars: false
     0 | D:1      | 0 ||| qw: Do Orc after clearing Dungeon:15 true
     0 | D:1      | 0 ||| qw: Do second Lair branch before Depths: true
     0 | D:1      | 0 ||| qw: Lair rune preference: random
     0 | D:1      | 0 ||| qw: Goals: Normal
     0 | D:1      | 0 ||| PLANNING D:1-11
   171 | D:1      | Reached skill level 6 in Ranged Weapons
   171 | D:1      | Reached XP level 2. HP: 16/16 MP: 4/4
   653 | D:1      | Reached XP level 3. HP: 20/20 MP: 5/5
   733 | D:1      | Found a faded altar of an unknown god.
   740 | D:1      | 740 ||| UPGRADING to +0 helmet.
   745 | D:1      | 745 ||| UPGRADING to +0 pair of gloves.
   750 | D:1      | 750 ||| READING 2 scrolls labelled GIRUQIUHIB.
   751 | D:1      | 751 ||| READING scroll labelled TYS IRIUSO.
   755 | D:1      | 755 ||| READING scroll labelled CIELLY UMEIBBO.
   756 | D:1      | 756 ||| READING scroll labelled EFONOWOO ATAD.
   757 | D:1      | 757 ||| DROPPING scroll of revelation.
   758 | D:1      | 758 ||| DROPPING scroll of butterflies.
   842 | D:2      | Noticed Natasha
   846 | D:2      | Killed Natasha
   847 | D:2      | Reached skill level 7 in Ranged Weapons
  1057 | D:2      | Noticed Natasha
  1067 | D:2      | HP: 2/20 [cerulean imp/+4 spear[Natasha] (6)]
  1068 | D:2      | Killed Natasha
  1069 | D:2      | Reached XP level 4. HP: 3/25 MP: 6/6
  1190 | D:2      | Noticed Natasha
  1201 | D:2      | Killed Natasha
  1202 | D:2      | Reached skill level 8 in Ranged Weapons
  1285 | D:2      | Found a runed translucent door.
  1286 | D:2      | Noticed Crazy Yiuf
  1423 | D:2      | 1423 ||| READING 2 scrolls labelled FUHUPOEMOS.
  1424 | D:2      | 1424 ||| READING scroll labelled XOUSCH GAVEPLIJ.
  1470 | D:2      | 1470 ||| READING scroll labelled DOTOUR GUEMN.
  1471 | D:2      | 1471 ||| DRINKING 2 lumpy coppery potions.
  1475 | D:2      | 1475 ||| DROPPING potion of ambrosia.
  1607 | D:3      | Reached XP level 5. HP: 29/29 MP: 7/7
  1617 | D:3      | HP: 7/29 [orc priest/divine providence (8)]
  1620 | D:3      | HP: 2/29 [orc priest/+0 whip (6)]
  1624 | D:3      | Slain by an orc priest

Levels and vault maps discovered:
D:1:      matt_arrival_los_fun, layout_loops_cross,
          dilly_ecumenical_altar_fadedgnrine, minmay_3d_cube
D:2:      wad_pebble_path, layout_rooms, st_stairs_8, minmay_ruptured,
          uniq_natasha, uniq_crazy_yiuf_cottage
D:3:      minmay_chambers_of_twos, layout_loops_corners, grunt_ministairs_3,
          pf_guarded_unrand_meek

Skill      XL: |  1  2  3  4 |
---------------+-------------+-----
Ranged Weapons | 6 7 8 |  8.5
Fighting       | |  1.5
Dodging        | |  2.4
Stealth        | |  1.2

Action                     |  1- 3 |  4- 6 || total
---------------------------+-------+-------++-------
   Fire: Shortbow          |    77 |    44 ||   121
    Use: Scroll            |     4 |     3 ||     7
         Potion            |       |     1 ||     1
 Armour: Leather armour    |     2 |     6 ||     8
  Dodge: Dodged            |    15 |     7 ||    22

Table legend:
 A = Non-vault XP
 B = Vault XP
 C = Vault XP percentage of total XP
 D = Non-vault monster count
 E = Vault monster count
 F = Vault count percentage of total count
                 A         B        C        D         E       F
            +---------+---------+-------+---------+---------+-------
      Total |     145 |      65 |  31.0 |      26 |      14 |  35.0
            +---------+---------+-------+---------+---------+-------
        D:1 |      38 |       8 |  17.4 |      17 |       3 |  15.0
        D:2 |      80 |      42 |  34.4 |       7 |       6 |  46.2
        D:3 |      27 |      15 |  35.7 |       2 |       5 |  71.4
            +---------+---------+-------+---------+---------+-------
